AoeStats
← King_Llanes CT

QS Arena

503476858Analyzed
3v3 RM · 1mo ago on Aug 31, 2026· 57m 40s· 6 players
Game mode
Random Map
Map size
Normal (6 player)
Population
200
Speed
Normal
Resources
Standard
Victory
Conquest
Starting age
Dark Age
Ending age
Imperial Age
RankedLock teamsTeams togetherTeam positionsShared explorationLock speedFull tech treeHidden civsTurbo modeCheats
Victory
Defeat
🇪🇸 Portuguese · Spain
1742
+9
🇪🇸 Berbers · Spain
1666
+12
🇪🇸 Wei · Spain
1584
+15
🇨🇱 Chinese · Chile
1629
-14
1572
-12
🇨🇱 Slavs · Chile
1508
-9
[CL] The Fabulous Merasmus
7:38 Feudal Age
9:56 Loom
13:09 Castle Age
12:28 Stone Mining
12:30 Gold Mining
12:26 Double-Bit Axe
12:28 Horse Collar
15:03 Bow Saw
15:02 Heavy Plow
18:09 Loom
20:38 Wheelbarrow
24:04 Gold Shaft Mining
24:05 Stone Shaft Mining
24:36 Town Watch
25:07 Hand Cart
25:57 Town Patrol
25:55 Fletching
30:09 Imperial Age
28:16 Ballistics
28:55 Eupseong
28:51 Bodkin Arrow
31:30 Conscription
30:37 Elite War Wagon
31:24 Bracer
32:38 Chemistry
41:03 Elite Skirmisher
41:49 Thumb Ring
53:28 Caravan
Darth Maul
0:35 Loom
8:52 Feudal Age
9:38 Double-Bit Axe
9:54 Horse Collar
10:06 Horse Collar
13:43 Castle Age
14:42 Bow Saw
14:34 Heavy Plow
18:46 Wheelbarrow
19:08 Stone Mining
20:28 Hand Cart
20:51 Gold Mining
22:20 Town Watch
26:04 Imperial Age
23:53 Fletching
24:40 Gold Shaft Mining
24:39 Masonry
24:32 Bodkin Arrow
25:08 Padded Archer Armor
26:48 Ballistics
27:02 Bracer
28:43 Chemistry
28:56 Elite Chu Ko Nu
30:28 Architecture
31:38 Rocketry
31:43 Conscription
35:14 Leather Archer Armor
37:36 Ring Archer Armor
39:04 Caravan
48:12 Scale Mail Armor
48:22 Forging
48:48 Squires
48:08 Pikeman
49:13 Halberdier
50:06 Arson
50:39 Chain Mail Armor
50:59 Iron Casting
52:27 Fortified Wall
52:19 Great Wall
53:56 Elite Skirmisher
55:11 Crossbowman
55:56 Thumb Ring
56:21 Arbalester
[CL] ~C H R I $-
8:52 Feudal Age
10:50 Double-Bit Axe
13:07 Castle Age
11:57 Horse Collar
17:34 Wheelbarrow
18:17 Bow Saw
19:44 Loom
20:23 Fortified Wall
27:56 Imperial Age
25:26 Gold Mining
25:26 Stone Mining
25:39 Heavy Plow
26:29 Pikeman
27:12 Squires
27:17 Scale Mail Armor
27:28 Forging
28:17 Hand Cart
28:33 Chain Mail Armor
28:12 Capped Ram
30:07 Crop Rotation
29:26 Town Watch
29:44 Halberdier
31:01 Plate Mail Armor
30:36 Man-at-Arms
31:55 Iron Casting
32:04 Gold Shaft Mining
32:03 Conscription
32:18 Siege Ram
33:23 Detinets
33:27 Druzhina
36:17 Long Swordsman
37:48 Onager
39:16 Two-Handed Swordsman
40:21 Champion
43:01 Caravan
43:58 Siege Onager
48:04 Chemistry
47:24 Ballistics
52:47 Elite Skirmisher
53:33 Padded Archer Armor
53:23 Fletching
54:48 Leather Archer Armor
Tales de Paleto
8:05 Feudal Age
12:10 Castle Age
11:13 Double-Bit Axe
13:30 Loom
19:42 Bow Saw
21:50 Wheelbarrow
20:56 Horse Collar
21:07 Gold Mining
23:18 Hand Cart
26:39 Imperial Age
24:56 Scale Barding Armor
25:02 Forging
25:58 Bloodlines
25:48 Husbandry
26:34 Chain Barding Armor
27:38 Iron Casting
26:49 Cavalier
28:04 Plate Barding Armor
30:14 Blast Furnace
30:05 Heavy Plow
30:45 Fervor
37:58 Crop Rotation
38:23 Light Cavalry
42:24 Conscription
42:48 Hussar
45:49 Siege Engineers
49:02 Heavy Scorpion
58:10 Ballistics
King_Llanes CT
8:08 Feudal Age
9:24 Loom
12:06 Castle Age
10:40 Double-Bit Axe
16:41 Bow Saw
17:11 Horse Collar
18:29 Heavy Plow
18:39 Town Watch
23:00 Wheelbarrow
22:57 Gold Mining
23:33 Fletching
29:09 Imperial Age
28:07 Gold Shaft Mining
27:59 Ballistics
28:12 Hand Cart
28:42 Tuntian
29:10 Masonry
29:13 Thumb Ring
29:12 Bodkin Arrow
29:51 Bracer
29:52 Padded Archer Armor
30:50 Parthian Tactics
31:34 Chemistry
31:58 Husbandry
32:09 Bloodlines
32:45 Leather Archer Armor
34:02 Crop Rotation
34:13 Ring Archer Armor
33:48 Stone Mining
34:28 Elite Genitour
37:57 Treadmill Crane
38:40 Fortified Wall
38:22 Light Cavalry
39:30 Conscription
39:36 Ming Guang Armor
40:36 Hussar
41:25 Scale Barding Armor
41:31 Forging
42:59 Chain Barding Armor
43:15 Iron Casting
48:20 Hoardings
52:42 Blast Furnace
MariaPita
8:50 Feudal Age
9:44 Double-Bit Axe
12:20 Castle Age
10:22 Horse Collar
13:18 Bow Saw
17:22 Sanctity
19:35 Wheelbarrow
19:14 Loom
20:01 Gold Mining
20:21 Town Watch
25:07 Imperial Age
23:08 Padded Archer Armor
23:38 Heavy Plow
23:29 Pikeman
24:26 Leather Archer Armor
25:53 Hand Cart
27:03 Chemistry
26:07 Arquebus
26:28 Conscription
27:40 Two-Man Saw
27:53 Ring Archer Armor
28:09 Masonry
29:03 Fletching
29:53 Crop Rotation
30:40 Siege Engineers
31:14 Fortified Wall
31:17 Elite Skirmisher
31:58 Bodkin Arrow
33:40 Architecture
33:36 Ballistics
34:23 Coinage
34:33 Architecture
34:08 Bracer
37:37 Banking
38:38 Stone Mining
38:45 Capped Ram
42:00 Murder Holes
43:01 Halberdier
43:44 Scale Mail Armor
43:54 Forging
43:23 Elite Organ Gun
44:10 Circumnavigation
45:09 Chain Mail Armor
46:36 Plate Mail Armor
46:41 Iron Casting
46:18 Crossbowman
47:03 Thumb Ring
46:46 Treadmill Crane
47:20 Man-at-Arms
47:45 Gambesons
48:13 Long Swordsman
49:54 Blast Furnace
49:16 Two-Handed Swordsman
49:43 Arson
50:15 Champion
52:30 Bombard Tower
54:33 Guilds
55:10 Arbalester
58:35 Stone Shaft Mining
Connection lost

Rejoining the realm…

Still unreachable

The connection could not be restored.

Session expired

The server has moved on; the page needs a fresh start.